 Dungeon Crawl Stone Soup version 0.22.1-1-ga44c0e56f4 (webtiles) character file.

212 stankin the Stinger (level 5, -2/32 HPs)
             Began as an Octopode Venom Mage on Oct 24, 2018.
             Slain by an ogre
             ... wielding a +0 giant club
              (18 damage)
             ... on level 4 of the Dungeon.
             The game lasted 00:14:17 (3341 turns).

stankin the Stinger (Octopode Venom Mage)           Turns: 3341, Time: 00:14:18

Health: -2/32      AC:  1    Str:  4 (7)  XL:     5   Next: 89%
Magic:  7/9        EV: 13    Int: 16 (19) God:
Gold:   94         SH:  0    Dex: 12      Spells: 7/10 levels left

rFire    . . .     SeeInvis .   (no weapon)
rCold    . . .     Gourm    .   (no shield)
rNeg     . . .     Faith    .   (helmet restricted)
rPois    .         Spirit   .   (no amulet)
rElec    .         Reflect  .   (no ring)
rCorr    .         Harm     .   (no ring)
MR       .....                  (no ring)
Stlth    +++.......             (no ring)
HPRegen  0.10/turn              (no ring)
MPRegen  0.11/turn              (no ring)
                                (no ring)
                                (no ring)

@: no status effects
A: almost no armour, stealthy swim, amphibious, 8 rings, constrict 8, camouflage
1, gelatinous body 1
a: no special abilities


You were on level 4 of the Dungeon.
You were not hungry.

You visited 1 branch of the dungeon, and saw 3 of its levels.

You collected 94 gold pieces.

Inventory:

Wands
 k - a wand of digging (17)
Scrolls
 c - a scroll of blinking {unknown}
 h - 2 scrolls of identify {unknown}
 i - a scroll of random uselessness {unknown}
Potions
 a - 2 potions of might
 d - a potion of invisibility
 e - a potion of degeneration
 g - a potion of ambrosia {unknown}
Comestibles
 b - 4 rations
 f - 2 chunks of flesh


   Skills:
 + Level 0.5 Fighting
 + Level 2.3 Dodging
 + Level 3.3 Stealth
 - Level 0.2 Unarmed Combat
 + Level 3.1 Spellcasting
 + Level 2.5 Conjurations
 + Level 1.3 Air Magic
 + Level 5.0 Poison Magic


You had 7 spell levels left.
You knew the following spells:

 Your Spells              Type           Power        Failure   Level  Hunger
a - Sting                 Conj/Pois      ##..         3%          1    None
b - Poisonous Vapours     Pois/Air       ##....       8%          2    ##.....

Your spell library contained the following spells:

 Spells                   Type           Power        Failure   Level  Hunger
 Mephitic Cloud           Conj/Pois/Air  ##......     16%         3    ###....
 Olgreb's Toxic Radiance  Pois           ###.....     22%         4    ####...
 Venom Bolt               Conj/Pois      ##........   71%         5    ######.


Dungeon Overview and Level Annotations

Branches:
Dungeon (2/15)

Altars:
Elyvilon
The Shining One

Annotations:
D:4 1 runed door


Innate Abilities, Weirdness & Mutations

You cannot wear most types of armour.
You are very stealthy in the water. (Stealth+)
You are amphibious.
You can wear up to eight rings at the same time.
You can use your tentacles to constrict eight enemies at once.
Your skin changes colour to match your surroundings (Stealth+).
Your rubbery body absorbs attacks. (AC +1, EV +1)


Message History

Casting: Sting (safe; 3% risk of failure)
Confirm with . or Enter, or press ? or * to list all spells.
Aiming: Sting (safe; 3% risk of failure)
Press: ? - help, Shift-Dir - straight line, f/p - ogre
Aim: an ogre, wielding a giant club (severely wounded)
The sting hits the ogre.
The ogre is almost dead.
You see here a scroll labeled VYTRAIXUROR.
The ogre hits you with a giant club!
Ouch! That really hurt!
Casting: Sting (safe; 3% risk of failure)
Confirm with . or Enter, or press ? or * to list all spells.
Aiming: Sting (safe; 3% risk of failure)
Press: ? - help, Shift-Dir - straight line, f/p - ogre
Aim: an ogre, wielding a giant club (severely wounded)
The sting hits the ogre.
The ogre is almost dead.
The ogre hits you with a giant club!!
Ouch! That really hurt!
You die...

##.####...####.#..
##.......### #.##.
##...###### #.# .
#..#.# #.# .....#
.. #.#
#.######..#+# #.#
..#..>....#≈ #.#
....### ..# #O#
###...##.# #@# #
###....# #.# #
#..#### #..
#####.....# ##.#
[.....##### ..
#...### .#. #.#.#
.## #.#...# ..
#.###.#


You could see an ogre.

Vanquished Creatures
  A scorpion (D:4)
  A hound (D:4)
  2 worker ants (D:4)
  4 adders (D:2)
  An adder skeleton (D:2)
  A dart slug (D:1)
  3 leopard geckos
  5 orcs
  2 giant cockroaches (D:2)
  3 goblins
  4 hobgoblins (D:1)
  4 jackals (D:4)
  4 kobolds
  2 frilled lizards (D:1)
  6 rats
43 creatures vanquished.

Vanquished Creatures (others)
  A hobgoblin (D:2)
1 creature vanquished.

Grand Total: 44 creatures vanquished

Notes
Turn   | Place    | Note
-------+----------+-------------------------------------------
     0 | D:1      | stankin the Octopode Venom Mage began the quest for the
                  | Orb.
     0 | D:1      | Reached XP level 1. HP: 11/11 MP: 3/3
   271 | D:1      | Reached skill level 4 in Poison Magic
   352 | D:1      | Reached XP level 2. HP: 17/17 MP: 3/5
  1118 | D:1      | Learned a level 2 spell: Poisonous Vapours
  1291 | D:2      | Reached XP level 3. HP: 12/21 MP: 6/6
  1673 | D:2      | Found a white marble altar of Elyvilon.
  1752 | D:2      | Found a glowing golden altar of the Shining One.
  1778 | D:2      | Reached XP level 4. HP: 23/27 MP: 3/7
  2314 | D:2      | You fall through a shaft for 2 floors!
  2327 | D:4      | Reached skill level 1 in Air Magic
  2773 | D:4      | Reached XP level 5. HP: 14/31 MP: 4/9
  2974 | D:4      | Reached skill level 5 in Poison Magic
  3244 | D:4      | Found a runed door.
  3298 | D:4      | Noticed an ogre
  3341 | D:4      | Slain by an ogre

Skill      XL: |  1  2  3  4  5 |
---------------+----------------+-----
Poison Magic   | 4 5 |  5.0
Stealth        | 3 |  3.3
Conjurations   | 2 |  2.5
Air Magic      | 1 |  1.3
Spellcasting   | 3 |  3.1
Fighting       | |  0.5
Dodging        | |  2.3
Unarmed Combat | |  0.2

Action                   |  1- 3 |  4- 6 || total
-------------------------+-------+-------++-------
Melee: Unarmed           |     7 |     3 ||    10
       Constrict         |     1 |     1 ||     2
       Tentacles         |     1 |       ||     1
 Cast: Sting             |    31 |    49 ||    80
       Poisonous Vapours |     3 |     5 ||     8
  Use: Potion            |       |     5 ||     5
  Eat: Chunk             |     3 |     5 ||     8
Armor: Skin              |       |     2 ||     2
Dodge: Dodged            |     7 |    34 ||    41
